| TOP OF THE 1ST |
|
Burlington Royals batting - Pitching for Elizabethton Twins : RHP Jason Waite
|
|
Pitching: RHP Jason Waite
|
|
|
Batting: RHB Kyle Finney
|
0-0: Ball 1-0: Called Strike 1-1: SINGLE (Groundball, 56S, EV 76.2 MPH) (infield hit)
|
|
Batting: RHB Josh Massey
|
0-0: Ball 1-0: Ball Kyle Finney is caught stealing 2nd base 2-4 2-0: Ball 3-0: Base on Balls
|
|
Batting: RHB Milanni Isaaka
|
0-0: Called Strike 0-1: Ball 1-1: Called Strike 1-2: Ball 2-2: Foul Ball, location: 2F 2-2: Foul Ball, location: 2F 2-2: Ball 3-2: Fly out, F8 (Flyball, 8RD, EV 105.0 MPH)
|
|
Batting: RHB Simon Sultzbach
|
0-0: Ball 1-0: Swinging Strike 1-1: Swinging Strike 1-2: Ball 2-2: Fly out, F8 (Flyball, 89D, EV 106.9 MPH)
|
| Top of the 1st over - 0 runs, 1 hit, 0 errors, 1 left on base; Burlington 0 - Elizabethton 0 |
| BOTTOM OF THE 1ST |
|
Elizabethton Twins batting - Pitching for Burlington Royals : LHP Billy Wessel
|
|
Pitching: LHP Billy Wessel
|
|
|
Batting: RHB David McDonald
|
0-0: Called Strike 0-1: SINGLE (Groundball, 6MD, EV 98.8 MPH)
|
|
Batting: RHB Nestor Moreno
|
0-0: Ball 1-0: Called Strike David McDonald steals 2nd base 1-1: Called Strike 1-2: Strikes out looking
|
|
Batting: RHB Ryan Starks
|
0-0: Ball 1-0: Called Strike 1-1: Ball 2-1: Ball Wild Pitch! David McDonald to third 3-1: Foul Ball, location: 2F 3-2: Foul Ball, location: 2F 3-2: Foul Ball, location: 2F 3-2: Base on Balls
|
|
Batting: LHB Ryuuichi Shintani
|
0-0: Ball 1-0: Ball 2-0: Ball 3-0: Base on Balls Ryan Starks to second
|
|
Batting: RHB Hisao Takei
|
0-0: Called Strike 0-1: Fielders Choice at 2nd, 6-4 (Groundball, 6MD, EV 90.6 MPH) David McDonald scores Ryan Starks to third
|
|
Batting: LHB Bill Lorimer
|
0-0: Ball 1-0: Foul Ball, location: 2F 1-1: Foul Ball, location: 2F 1-2: Foul Ball, location: 2F 1-2: Ball 2-2: Foul Ball, location: 2F 2-2: Strikes out swinging
|
| Bottom of the 1st over - 1 run, 1 hit, 0 errors, 2 left on base; Burlington 0 - Elizabethton 1 |
| TOP OF THE 2ND |
|
Burlington Royals batting - Pitching for Elizabethton Twins : RHP Jason Waite
|
|
Batting: LHB Javy Rueda
|
0-0: Called Strike 0-1: Ball 1-1: Ball 2-1: Foul Ball, location: 2F 2-2: Ground out 4-3 (Groundball, 4D, EV 86.9 MPH)
|
|
Batting: RHB John Normand
|
0-0: Ball 1-0: Swinging Strike 1-1: Foul Ball, location: 2F 1-2: Foul Ball, location: 2F 1-2: Strikes out swinging
|
|
Batting: RHB Donnie Bednarz
|
0-0: Called Strike 0-1: Ball 1-1: Ball 2-1: Ground out 1-3 (Groundball, 13S, EV 65.6 MPH)
|
| Top of the 2nd over - 0 runs, 0 hits, 0 errors, 0 left on base; Burlington 0 - Elizabethton 1 |
| BOTTOM OF THE 2ND |
|
Elizabethton Twins batting - Pitching for Burlington Royals : LHP Billy Wessel
|
|
Batting: RHB Sergio Gomez
|
0-0: Ball 1-0: DOUBLE (Groundball, 5L, EV 104.4 MPH)
|
|
Batting: RHB Ned Scovell
|
0-0: Ball 1-0: Swinging Strike 1-1: Ball 2-1: Called Strike 2-2: Ball 3-2: Foul Ball, location: 2F 3-2: Base on Balls
|
|
Batting: LHB Joey Zamora
|
0-0: Called Strike 0-1: Ball 1-1: Foul Ball, location: 2F 1-2: Strikes out swinging
|
|
Batting: RHB David McDonald
|
0-0: Foul Ball, location: 2F 0-1: Fielders Choice at 2nd, 5-4 (Groundball, 15, EV 82.5 MPH) Sergio Gomez to third
|
|
Batting: RHB Nestor Moreno
|
0-0: Ball 1-0: Swinging Strike 1-1: Ball 2-1: Fly out, F5 (Line Drive, 5, EV 64.4 MPH)
|
| Bottom of the 2nd over - 0 runs, 1 hit, 0 errors, 2 left on base; Burlington 0 - Elizabethton 1 |
| TOP OF THE 3RD |
|
Burlington Royals batting - Pitching for Elizabethton Twins : RHP Jason Waite
|
|
Batting: RHB Nick Spriggs
|
0-0: Called Strike 0-1: Ball 1-1: Ball 2-1: Called Strike 2-2: Strikes out swinging
|
|
Batting: RHB Danny Jefferies
|
0-0: Ball 1-0: Ball 2-0: Foul Ball, location: 2F 2-1: Foul Ball, location: 2F 2-2: Ball 3-2: Foul Ball, location: 2F 3-2: Strikes out swinging
|
|
Batting: RHB Kyle Finney
|
0-0: SOLO HOME RUN (Flyball, 78XD, EV 99.4 MPH), Distance : 403 ft
|
|
Batting: RHB Josh Massey
|
0-0: Ball 1-0: Ball 2-0: Foul Ball, location: 2F 2-1: Foul Ball, location: 2F 2-2: Ball 3-2: Foul Ball, location: 2F 3-2: Base on Balls
|
|
Batting: RHB Milanni Isaaka
|
0-0: Called Strike 0-1: Ball 1-1: Ball 2-1: Fly out, F4 (Line Drive, 4M, EV 66.9 MPH)
|
| Top of the 3rd over - 1 run, 1 hit, 0 errors, 1 left on base; Burlington 1 - Elizabethton 1 |
| BOTTOM OF THE 3RD |
|
Elizabethton Twins batting - Pitching for Burlington Royals : LHP Billy Wessel
|
|
Batting: RHB Ryan Starks
|
0-0: Ball 1-0: Ball 2-0: Ball 3-0: Called Strike 3-1: Base on Balls
|
|
Batting: LHB Ryuuichi Shintani
|
0-0: Foul Ball, location: 2F 0-1: Foul Ball, location: 2F 0-2: Ball 1-2: Foul Ball, location: 2F 1-2: Strikes out swinging
|
|
Batting: RHB Hisao Takei
|
0-0: Called Strike 0-1: Ball 1-1: DOUBLE (Flyball, 78XD, EV 103.8 MPH) Ryan Starks to third Runner from 3rd tries for Home, SAFE, throw by CF to home
|
|
Batting: LHB Bill Lorimer
|
0-0: Called Strike 0-1: Ball 1-1: Ball 2-1: Foul Ball, location: 2F 2-2: Strikes out swinging
|
|
Batting: RHB Sergio Gomez
|
0-0: Called Strike 0-1: Ball 1-1: Foul Ball, location: 2F 1-2: Strikes out swinging
|
| Bottom of the 3rd over - 1 run, 1 hit, 0 errors, 1 left on base; Burlington 1 - Elizabethton 2 |
| TOP OF THE 4TH |
|
Burlington Royals batting - Pitching for Elizabethton Twins : RHP Jason Waite
|
|
Batting: RHB Simon Sultzbach
|
0-0: Called Strike 0-1: Foul Ball, location: 2F 0-2: Ball 1-2: Foul Ball, location: 2F 1-2: Ball 2-2: Hit by Pitch
|
|
Batting: LHB Javy Rueda
|
0-0: Ball 1-0: Ball 2-0: Ball 3-0: Base on Balls Simon Sultzbach to second
|
|
Batting: RHB John Normand
|
0-0: Swinging Strike 0-1: Fly out, F4 (Popup, 4M, EV 66.2 MPH)
|
|
Batting: RHB Donnie Bednarz
|
0-0: Ball 1-0: Ball 2-0: Called Strike 2-1: Ball 3-1: Base on Balls Simon Sultzbach to third Javy Rueda to second
|
|
Batting: RHB Nick Spriggs
|
0-0: Swinging Strike 0-1: Ball 1-1: Foul Ball, location: 2F 1-2: Foul Ball, location: 2F 1-2: Strikes out swinging
|
|
Pitching: RHP Brian Waldrip
|
|
|
Pinch Hitting: RHB Juan Nieves
|
0-0: Called Strike 0-1: Ground out 4-3 (Groundball, 4, EV 103.8 MPH)
|
| Top of the 4th over - 0 runs, 0 hits, 0 errors, 3 left on base; Burlington 1 - Elizabethton 2 |
| BOTTOM OF THE 4TH |
|
Elizabethton Twins batting - Pitching for Burlington Royals : LHP Billy Wessel
|
|
Now at 3B: Juan Nieves
|
|
|
Now in LF: John Normand
|
|
|
Now in RF: Javy Rueda
|
|
|
Batting: RHB Ned Scovell
|
0-0: Called Strike 0-1: Ball 1-1: Ball 2-1: Called Strike 2-2: Ball 3-2: Foul Ball, location: 2F 3-2: Foul Ball, location: 2F 3-2: Base on Balls
|
|
Batting: LHB Joey Zamora
|
0-0: Fly out, F7 (Line Drive, 7, EV 88.1 MPH)
|
|
Batting: RHB David McDonald
|
0-0: Ball 1-0: Called Strike 1-1: Ball 2-1: Foul Ball, location: 2F 2-2: Ball 3-2: Base on Balls Ned Scovell to second
|
|
Pitching: RHP Ryan Robbins
|
|
|
Batting: RHB Nestor Moreno
|
0-0: 3-RUN HOME RUN (Flyball, 7D, EV 96.9 MPH), Distance : 366 ft
|
|
Batting: RHB Ryan Starks
|
0-0: Ball 1-0: Called Strike 1-1: Ball 2-1: Ground out 1-3 (Groundball, 15S, EV 66.2 MPH)
|
|
Batting: LHB Ryuuichi Shintani
|
0-0: Foul Ball, location: 2F 0-1: Foul Ball, location: 2F 0-2: Ball 1-2: Ball 2-2: Ball 3-2: Fly out, F8 (Flyball, 8LD, EV 85.0 MPH)
|
| Bottom of the 4th over - 3 runs, 1 hit, 0 errors, 0 left on base; Burlington 1 - Elizabethton 5 |
| TOP OF THE 5TH |
|
Burlington Royals batting - Pitching for Elizabethton Twins : RHP Brian Waldrip
|
|
Batting: RHB Kyle Finney
|
0-0: Called Strike 0-1: Called Strike 0-2: Strikes out swinging
|
|
Batting: RHB Josh Massey
|
0-0: Ball 1-0: Called Strike 1-1: Hit by Pitch
|
|
Pinch Runner at 1st Chris Stec:
|
|
|
Batting: RHB Milanni Isaaka
|
0-0: Ball 1-0: Ball 2-0: Ball 3-0: Base on Balls Chris Stec to second
|
|
Batting: RHB Simon Sultzbach
|
0-0: Called Strike 0-1: Ball 1-1: Grounds into double play, 6-4-3 (Groundball, 6, EV 97.5 MPH)
|
| Top of the 5th over - 0 runs, 0 hits, 0 errors, 1 left on base; Burlington 1 - Elizabethton 5 |
| BOTTOM OF THE 5TH |
|
Elizabethton Twins batting - Pitching for Burlington Royals : RHP Ryan Robbins
|
|
Batting: RHB Hisao Takei
|
0-0: Foul Ball, location: 2F 0-1: Swinging Strike 0-2: Ground out 5-3 (Groundball, 56S, EV 90.6 MPH)
|
|
Batting: LHB Bill Lorimer
|
0-0: Ball 1-0: Ball 2-0: Ball 3-0: Base on Balls
|
|
Batting: RHB Sergio Gomez
|
0-0: Called Strike 0-1: Ball 1-1: Swinging Strike 1-2: Strikes out looking
|
|
Batting: RHB Ned Scovell
|
0-0: Ball 1-0: Ball 2-0: Ball 3-0: Base on Balls Bill Lorimer to second
|
|
Batting: LHB Joey Zamora
|
0-0: Ball 1-0: Swinging Strike 1-1: Ball 2-1: Swinging Strike 2-2: Strikes out swinging, 2-3 out at first.
|
| Bottom of the 5th over - 0 runs, 0 hits, 0 errors, 2 left on base; Burlington 1 - Elizabethton 5 |
| TOP OF THE 6TH |
|
Burlington Royals batting - Pitching for Elizabethton Twins : RHP Brian Waldrip
|
|
Batting: LHB Javy Rueda
|
0-0: Foul Ball, location: 2F 0-1: Swinging Strike 0-2: Ball 1-2: Foul Ball, location: 2F 1-2: Strikes out swinging
|
|
Batting: RHB John Normand
|
0-0: Ball 1-0: Ball 2-0: Called Strike 2-1: Ball 3-1: Base on Balls
|
|
Batting: RHB Donnie Bednarz
|
0-0: Called Strike 0-1: Foul Ball, location: 2F 0-2: Strikes out swinging
|
|
Batting: RHB Nick Spriggs
|
0-0: Swinging Strike 0-1: Called Strike 0-2: Ball 1-2: Strikes out swinging
|
| Top of the 6th over - 0 runs, 0 hits, 0 errors, 1 left on base; Burlington 1 - Elizabethton 5 |
| BOTTOM OF THE 6TH |
|
Elizabethton Twins batting - Pitching for Burlington Royals : RHP Ryan Robbins
|
|
Batting: RHB David McDonald
|
0-0: Ball 1-0: Ball 2-0: Ball 3-0: Called Strike 3-1: Reached on error, E3 (Groundball, 34, EV 104.4 MPH)
|
|
Batting: RHB Nestor Moreno
|
0-0: Called Strike 0-1: Ball 1-1: Called Strike David McDonald steals 2nd base 1-2: Ground out 6-3 (Groundball, 6, EV 89.4 MPH) David McDonald to third
|
|
Batting: RHB Ryan Starks
|
0-0: Ground out 4-3 (Groundball, 4, EV 83.8 MPH) David McDonald scores
|
|
Pitching: RHP Zong-yuan Xue
|
|
|
Batting: LHB Ryuuichi Shintani
|
0-0: Called Strike 0-1: Ball 1-1: Foul Ball, location: 2F 1-2: Strikes out swinging
|
| Bottom of the 6th over - 1 run, 0 hits, 1 error, 0 left on base; Burlington 1 - Elizabethton 6 |
| TOP OF THE 7TH |
|
Burlington Royals batting - Pitching for Elizabethton Twins : RHP Brian Waldrip
|
|
Batting: RHB Juan Nieves
|
0-0: Ball 1-0: Ball 2-0: Called Strike 2-1: Ground out 1-3 (Groundball, P, EV 75.6 MPH)
|
|
Pitching: RHP Takeru Inoue
|
|
|
Batting: RHB Kyle Finney
|
0-0: Swinging Strike 0-1: Ground out 4-3 (Groundball, 4, EV 84.4 MPH)
|
|
Batting: RHB Chris Stec
|
0-0: Ball 1-0: Ball 2-0: Ball 3-0: Called Strike 3-1: Called Strike 3-2: Foul Ball, location: 2F 3-2: Foul Ball, location: 2F 3-2: Base on Balls
|
|
Batting: RHB Milanni Isaaka
|
0-0: Called Strike 0-1: Swinging Strike 0-2: Strikes out swinging
|
| Top of the 7th over - 0 runs, 0 hits, 0 errors, 1 left on base; Burlington 1 - Elizabethton 6 |
| BOTTOM OF THE 7TH |
|
Elizabethton Twins batting - Pitching for Burlington Royals : RHP Zong-yuan Xue
|
|
Batting: RHB Hisao Takei
|
0-0: Ball 1-0: Ball 2-0: Called Strike 2-1: Ball 3-1: Foul Ball, location: 2F 3-2: Base on Balls
|
|
Batting: LHB Bill Lorimer
|
0-0: Ball 1-0: Ball 2-0: Ball 3-0: Called Strike 3-1: Foul Ball, location: 2F 3-2: Base on Balls Hisao Takei to second
|
|
Batting: RHB Sergio Gomez
|
0-0: Ball 1-0: Ball 2-0: Ball Passed Ball! Hisao Takei to third Bill Lorimer to second 3-0: Base on Balls
|
|
Batting: RHB Ned Scovell
|
0-0: Ball 1-0: Ball 2-0: Ball 3-0: Called Strike 3-1: Fly out, F9 (Line Drive, 9S, EV 99.4 MPH) Lined into DP, 9-5 (Line Drive, 9S, EV 99.4 MPH)
|
|
Batting: LHB Joey Zamora
|
0-0: Called Strike 0-1: Called Strike 0-2: Ball 1-2: Foul Ball, location: 2F 1-2: Foul Ball, location: 2F 1-2: Foul Ball, location: 2F 1-2: Strikes out swinging
|
| Bottom of the 7th over - 0 runs, 0 hits, 0 errors, 2 left on base; Burlington 1 - Elizabethton 6 |
| TOP OF THE 8TH |
|
Burlington Royals batting - Pitching for Elizabethton Twins : RHP Takeru Inoue
|
|
Batting: RHB Simon Sultzbach
|
0-0: Called Strike 0-1: SOLO HOME RUN (Flyball, 7D, EV 95.0 MPH), Distance : 378 ft
|
|
Batting: LHB Javy Rueda
|
0-0: Ball 1-0: SOLO HOME RUN (Flyball, 9D, EV 97.5 MPH), Distance : 366 ft
|
|
Pinch Hitting: SHB Gary Woodroffe
|
0-0: Called Strike 0-1: Foul Ball, location: 2F 0-2: Ball 1-2: Foul Ball, location: 2F 1-2: Ball 2-2: Foul Ball, location: 2F 2-2: Strikes out swinging
|
|
Batting: RHB Donnie Bednarz
|
0-0: DOUBLE (Line Drive, 9LS, EV 88.8 MPH)
|
|
Pitching: LHP Bryce Alexander
|
|
|
Now at 3B: Antonio Santos
|
|
|
Batting: RHB Nick Spriggs
|
0-0: Swinging Strike 0-1: Ball 1-1: Fly out, F8 (Flyball, 8LD, EV 88.8 MPH)
|
|
Batting: RHB Juan Nieves
|
0-0: Ball 1-0: Called Strike 1-1: DOUBLE (Line Drive, 5D, EV 94.4 MPH) Donnie Bednarz scores
|
|
Batting: RHB Kyle Finney
|
0-0: Ball 1-0: Foul Ball, location: 2F 1-1: Foul Ball, location: 2F 1-2: Foul Ball, location: 2F 1-2: Ball 2-2: Ball 3-2: Strikes out swinging
|
| Top of the 8th over - 3 runs, 4 hits, 0 errors, 1 left on base; Burlington 4 - Elizabethton 6 |
| BOTTOM OF THE 8TH |
|
Elizabethton Twins batting - Pitching for Burlington Royals : RHP Zong-yuan Xue
|
|
Now in LF: Ramiro Castillo
|
|
|
Batting: RHB David McDonald
|
0-0: Ball 1-0: Ball 2-0: Foul Ball, location: 2F 2-1: Ball 3-1: Fly out, F8 (Flyball, 8LD, EV 103.8 MPH)
|
|
Batting: RHB Nestor Moreno
|
0-0: Ball 1-0: Called Strike 1-1: Ball 2-1: Fly out, F6 (Popup, 6D, EV 46.2 MPH)
|
|
Pitching: RHP Chris Chilcoat
|
|
|
Batting: RHB Ryan Starks
|
0-0: Ball 1-0: SINGLE (Line Drive, 7S, EV 93.1 MPH)
|
|
Batting: LHB Ryuuichi Shintani
|
0-0: Foul Ball, location: 2F 0-1: Foul Ball, location: 2F 0-2: Ball Ryan Starks steals 2nd base 1-2: Foul Ball, location: 2F 1-2: Ball 2-2: Ball 3-2: Foul Ball, location: 2F 3-2: Base on Balls
|
|
Batting: RHB Hisao Takei
|
0-0: Foul Ball, location: 2F 0-1: Swinging Strike 0-2: Ball 1-2: Strikes out swinging
|
| Bottom of the 8th over - 0 runs, 1 hit, 0 errors, 2 left on base; Burlington 4 - Elizabethton 6 |
| TOP OF THE 9TH |
|
Burlington Royals batting - Pitching for Elizabethton Twins : LHP Bryce Alexander
|
|
Pitching: RHP Ron Didkowsky
|
|
|
Batting: RHB Chris Stec
|
0-0: Foul Ball, location: 2F 0-1: Ball 1-1: Ball 2-1: Ball 3-1: Ground out 1-3 (Groundball, 15S, EV 68.8 MPH)
|
|
Batting: RHB Milanni Isaaka
|
0-0: Called Strike 0-1: Ground out 5-3 (Groundball, 56S, EV 78.1 MPH)
|
|
Batting: RHB Simon Sultzbach
|
0-0: Ball 1-0: Ball 2-0: Ball 3-0: Called Strike 3-1: Base on Balls
|
|
Batting: LHB Javy Rueda
|
0-0: Called Strike 0-1: Foul Ball, location: 2F 0-2: Ball 1-2: SINGLE (Line Drive, 9S, EV 93.1 MPH) Simon Sultzbach to second
|
|
Pinch Hitting: RHB Leo Lopez
|
0-0: Ball 1-0: Swinging Strike 1-1: Ball 2-1: Foul Ball, location: 2F 2-2: Strikes out swinging
|
| Top of the 9th over - 0 runs, 1 hit, 0 errors, 2 left on base; Burlington 4 - Elizabethton 6 |
|